 Dungeon Crawl Stone Soup version 0.28-a0-957-g42eb19b844 (webtiles) character file.

Game seed: 12840381943158605269

1719 croobank the Sneak (level 9, -7/56 (57) HPs)
             Began as an Octopode Monk on Nov 30, 2021.
             Was a Priest of Qazlal.
             Mangled by Maggie (16 damage)
             ... on level 7 of the Dungeon.
             The game lasted 00:32:10 (6000 turns).

croobank the Sneak (Octopode Monk)                  Turns: 6000, Time: 00:32:11

HP:   -7/56 (57)    AC:  5    Str: 18    XL:     9   Next: 4%
MP:   13/17         EV: 14    Int: 15    God:    Qazlal [***...]
Gold: 249           SH:  4    Dex: 14    Spells: 14/18 levels left

rFire   . . .      SeeInvis .     - Unarmed
rCold   . . .      Faith    .   (no shield)
rNeg    . . .      Spirit   .   (helmet restricted)
rPois   .          Reflect  .   (no amulet)
rElec   .          Harm     .   f - +6 ring of strength
rCorr   .          Rampage  .   m - +4 ring of protection
Will    .....                   (no ring)
Stlth   +++.......              (no ring)
HPRegen 0.18/turn               (no ring)
MPRegen 0.15/turn               (no ring)
                                (no ring)
                                (no ring)

@: about to teleport, mesmerised, lightly drained
A: almost no armour, amphibious, 8 rings, camouflage 1, gelatinous body 1,
(nimble swimmer 1), tentacles
a: Renounce Religion, Upheaval, Elemental Force


You were on level 7 of the Dungeon.
You worshipped Qazlal.
Qazlal was most pleased with you.
You visited 1 branch of the dungeon, and saw 7 of its levels.

You collected 249 gold pieces.

Inventory:

Hand Weapons
 a - a +0 trident
 b - a +0 shortbow
 i - a +0 war axe
 C - a +0 short sword
Missiles
 g - 91 stones (quivered)
 k - 21 poisoned darts
 l - 35 sling bullets
 w - 68 arrows
 A - 39 bolts
Armour
 x - a +0 buckler
 y - a +0 tower shield
Jewellery
 f - a +6 ring of strength (left tentacle)
 m - a +4 ring of protection (right tentacle)
Wands
 u - a wand of charming (7)
 B - a wand of polymorph (4)
Scrolls
 d - 3 scrolls of identify
 n - a scroll of enchant weapon {unknown}
 o - 2 scrolls of fog
 p - 2 scrolls of teleportation
 q - a scroll of magic mapping {unknown}
 r - 4 scrolls of immolation
 t - 2 scrolls of enchant armour {unknown}
Potions
 c - a potion of attraction
 h - a potion of flight {unknown}
 s - a potion of cancellation
 v - a potion of degeneration {unknown}
 z - 3 potions of lignification


   Skills:
 - Level 3.6 Fighting
 - Level 3.6 Dodging
 - Level 5.5 Stealth
 * Level 4.3 Shields
 - Level 5.2 Unarmed Combat
 * Level 5.4 Spellcasting
 + Level 3.8 Hexes
 + Level 3.2 Summonings


You had 14 spell levels left.
You knew the following spells:

 Your Spells              Type           Power      Damage    Failure   Level
a - Slow                  Hex            60%        N/A       3%          1
b - Confusing Touch       Hex            15%        N/A       10%         3

Your spell library contained the following spells:

 Spells                   Type           Power      Damage    Failure   Level
 Summon Small Mammal      Summ           52%        N/A       4%          1
 Summon Guardian Golem    Hex/Summ       14%        N/A       11%         3
 Call Canine Familiar     Summ           13%        N/A       12%         3
 Vampiric Draining        Necr           4%         2d6       43%         3


Dungeon Overview and Level Annotations

Branches:
Dungeon (7/15)
 Temple: D:4-7

Altars:
Makhleb
Qazlal

Shops:
D:3 (

Annotations:
D:2 1 runed translucent door, Crazy Yiuf
D:7 Maggie


Innate Abilities, Weirdness & Mutations

You cannot wear most types of armour.
You are amphibious.
You can wear up to eight rings at the same time.
Your skin changes colour to match your surroundings (Stealth+).
Your rubbery body absorbs attacks. (AC +1, EV +1)
((You are camouflaged near water. (Stealth+)))
You have tentacles for arms and can constrict up to eight enemies at once.


Message History

Maggie hits you from afar with a +6 glaive of protection!
Found 15 gold pieces.
You feel sick.
You feel sick.
You feel sick.
You feel sick.
Unknown command.
Unknown command.
Found 22 gold pieces.
You feel sick.
Maggie mumbles some strange words.
Found 26 stones.
You feel sick.
Found a runed hand axe.
You feel sick.
You are no longer poisoned.
You see here 15 gold pieces.
You now have 249 gold pieces (gained 15).
Magic scrolls do not work when you're silenced!
Your magical effects are unravelling.
You feel magically purged.
Your hearing returns.
Aiming: Upheaval
Press: ? - help, Dir - move target, f - Maggie
Aim: Maggie, wielding a +6 glaive of protection and wearing +0 acid dragon scales You fail to use your ability.
Maggie hits you from afar with a +6 glaive of protection!
* * * LOW HITPOINT WARNING * * *
You see here a +1 hand axe of draining.
Maggie mumbles some strange words.
Maggie attempts to bespell you!
You are mesmerised by Maggie!
You cannot move away from Maggie!
As you read the scroll of teleportation, it crumbles to dust.
You feel strangely unstable.
Aiming: Upheaval
Press: ? - help, Dir - move target, f/p - Maggie
Aim: Maggie, wielding a +6 glaive of protection and wearing +0 acid dragon scales (mesmerising)
A storm cloud blasts the area with cutting wind!
The cutting wind hits Maggie!!
Maggie is moderately wounded.
You hear a shout!
Maggie hits you from afar with a +6 glaive of protection!
You die...

########
#$.....#
#......#
#...@.○##
#..K.)@.#
##.####.#
#.# .# .
####.## ..
..##.....#
.#.
..........#
...#
#...#.###.#
.. .
..#.#...#.#
.. ..
..........#


You could see Maggie (mesmerising) and a kobold.

Vanquished Creatures
  Grinder (D:5)
  A black bear (D:6)
  An ogre (D:7)
  2 necrophages
  A phantom (D:5)
  2 centaurs (D:6)
  2 bullfrogs (D:6)
  3 scorpions
  A wyvern zombie (D:6)
  A water moccasin skeleton (D:6)
  A water moccasin zombie (D:5)
  A wight (D:7)
  2 jellies
  3 hounds
  3 iguanas (D:5)
  A hound skeleton (D:7)
  3 gnolls
  6 adders
  A white imp (D:7)
  An ufetubus (D:4)
  An adder skeleton (D:4)
  A worm (D:2)
  2 dart slugs (D:1)
  16 orcs
  8 ball pythons
  4 endoplasms
  2 giant cockroaches
  6 goblins
  7 hobgoblins
  6 jackals
  2 quokkas
  9 bats
  2 frilled lizards (D:1)
  5 kobolds
  3 rats
111 creatures vanquished.

Notes
Turn   | Place    | Note
-------+----------+-------------------------------------------
     0 | D:1      | croobank the Octopode Monk began the quest for the Orb.
     0 | D:1      | Reached XP level 1. HP: 16/16 MP: 1/1
   187 | D:1      | Reached XP level 2. HP: 21/21 MP: 2/2
   585 | D:1      | Reached XP level 3. HP: 26/26 MP: 3/3
  1106 | D:2      | Found a runed translucent door.
  1107 | D:2      | Noticed Crazy Yiuf
  1317 | D:2      | Reached XP level 4. HP: 31/31 MP: 4/4
  1533 | D:2      | Found a faded altar of an unknown god.
  1670 | D:2      | Prayed at the altar of an unknown god.
  1670 | D:2      | Became a worshipper of Qazlal Stormbringer
  1670 | D:2      | Reached * piety under Qazlal
  1670 | D:2      | Reached ** piety under Qazlal
  1797 | D:3      | Noticed a necrophage
  1803 | D:3      | Killed a necrophage
  1804 | D:3      | Reached skill level 5 in Stealth
  1804 | D:3      | Reached XP level 5. HP: 22/36 MP: 5/5
  1937 | D:3      | Reached *** piety under Qazlal
  2199 | D:3      | Found Umessaoh's Antique Weapon Shop.
  2618 | D:4      | Reached XP level 6. HP: 34/42 MP: 6/6
  2697 | D:4      | Reached skill level 5 in Unarmed Combat
  2934 | D:4      | Reached skill level 1 in Spellcasting
  3753 | D:5      | Entered Level 5 of the Dungeon
  3831 | D:5      | Reached XP level 7. HP: 41/46 MP: 9/11
  3885 | D:5      | Learned a level 1 spell: Slow
  3889 | D:5      | Learned a level 3 spell: Confusing Touch
  3919 | D:5      | Reached skill level 1 in Hexes
  3919 | D:5      | Reached skill level 1 in Summonings
  4369 | D:5      | Noticed Grinder
  4374 | D:5      | Killed Grinder
  4488 | D:5      | Reached XP level 8. HP: 39/53 MP: 12/12
  4987 | D:6      | Reached skill level 1 in Shields
  5886 | D:7      | Reached skill level 5 in Spellcasting
  5904 | D:7      | Found a burning altar of Makhleb.
  5940 | D:7      | Reached XP level 9. HP: 28/57 MP: 12/16
  5979 | D:7      | Noticed Maggie
  6000 | D:7      | Mangled by Maggie

Illustrated notes

Levels and vault maps discovered:
D:1:      dpeg_arrival_rooms_with_view, layout_loops_cross
D:2:      layout_basic, ebering_ecumenical_altar_box, uniq_crazy_yiuf_cottage
D:3:      layout_basic, serial_shops, nicolae_shop_behind_doors
D:4:      layout_cave_pods
D:5:      layout_cave_pods, minivault_26, uniq_grinder
D:6:      layout_cave_pools
D:7:      layout_basic, makhleb_blood_cavern_becter,
          minmay_temple_entry_offerings, st_stairs_2, minmay_misc_feat_five,
          uniq_maggie

Skill      XL: |  1  2  3  4  5  6  7  8 |
---------------+-------------------------+-----
Stealth        | 3 5 |  5.5
Unarmed Combat | 4 5 |  5.2
Spellcasting   | 3 5 |  5.4
Hexes          | 3 |  3.8
Summonings     | 3 |  3.2
Shields        | 4 |  4.3
Fighting       | |  3.6
Dodging        | |  3.6

Action                   |  1- 3 |  4- 6 |  7- 9 || total
-------------------------+-------+-------+-------++-------
Melee: Unarmed           |    69 |   101 |    98 ||   268
       Constrict         |    16 |    27 |    23 ||    66
       Tentacles         |    12 |    24 |    26 ||    62
       Punch             |       |     2 |     6 ||     8
 Fire: Shortbow          |       |       |     2 ||     2
Throw: Stone             |       |       |     1 ||     1
 Cast: Confusing Touch   |       |       |     4 ||     4
       Slow              |       |       |     3 ||     3
Invok: Upheaval          |       |       |     2 ||     2
  Use: Scroll            |     1 |     7 |     6 ||    14
       Potion            |       |     1 |     2 ||     3
 Stab: Sleeping          |    12 |       |       ||    12
       Confused          |       |       |     2 ||     2
Armor: Skin              |     4 |    15 |    11 ||    30
Dodge: Dodged            |    43 |    47 |    48 ||   138
Block: Other             |       |    16 |    17 ||    33

Table legend: (Time is in decaauts)
 A = Elapsed time spent in this place.
 B = Non-inter-level travel time spent in this place.
 C = Inter-level travel time spent in this place.
 D = Time resting spent in this place.
 E = Time spent auto-exploring this place.
 F = Levels seen in this place.
 G = Mean time per level.
                   A        B        C        D        E       F      G
               +--------+--------+--------+--------+--------+-----+--------+
         Total |   5976 |   5838 |    138 |    877 |   3913 |   7 |  853.7 |
       Dungeon |   5976 |   5838 |    138 |    877 |   3913 |   7 |  853.7 |
               +--------+--------+--------+--------+--------+-----+--------+

Top non-repeatable levels by time:
     D:5: 1304 daAuts
     D:4: 1087 daAuts
     D:2: 1030 daAuts
     D:3: 869 daAuts
     D:6: 771 daAuts
     D:1: 753 daAuts
     D:7: 160 daAuts
